 Dungeon Crawl Stone Soup version 0.14-a0-1546-g4b4961f (webtiles) character file.

112 Mitsuki the Shooter (level 3, 0/28 HPs)
             Began as a Centaur Arcane Marksman on Dec 18, 2013.
             Succumbed to an adder's poison
             ... on Level 2 of the Dungeon.
             The game lasted 00:08:16 (958 turns).

Mitsuki the Shooter (Centaur Arcane Marksman)        Turns: 958, Time: 00:08:16

HP   0/28        AC  8     Str 13      XL: 3   Next: 58%
MP   3/3         EV  0     Int 12      God:
Gold 61          SH  0     Dex  9      Spells:  1 memorised,  3 levels left

rFire  . . .     SeeInvis .     b - +0 bow
rCold  . . .     Clarity  .     g - +0 plate armour
rNeg   . . .     Conserve .     (no shield)
rPois  .         rCorr    .     (no helmet)
rElec  .         rRot     .     (no cloak)
SustAb . .       Spirit   .     (no gloves)
rMut   .         Warding  .     (no barding)
Saprov . . .     Stasis   .     (no amulet)
                                (no ring)
                                (no ring)

@: mildly poisoned, very slightly contaminated, very quick, not resistant to
hostile enchantments, extremely unstealthy
A: hooves 3, deformed body, herbivore 2, speed 2, fast metabolism 1, low mp 1,
screaming 1, tough skin 3
a: no special abilities


You were on level 2 of the Dungeon.
You were not hungry.

You visited 1 branch of the dungeon, and saw 2 of its levels.

You collected 61 gold pieces.

Inventory:

Hand weapons
 b - a +0,+0 bow (weapon)
Missiles
 c - 3 arrows (quivered)
Armour
 g - a +0 plate armour (worn)
Comestibles
 f - 2 bread rations
Scrolls
 a - a scroll of teleportation {unknown}
 e - 2 scrolls of identify {unknown}
 h - a scroll of immolation {unknown}
 i - a scroll of noise {unknown}
 j - a scroll of fog {unknown}
 k - a scroll of remove curse {unknown}
 l - a scroll of blinking {unknown}
Books
 d - a book of Debilitation

   Spells                             Type                      Level
   *Corona                            Hexes                        1
   Slow                               Hexes                        2
   Inner Flame                        Hexes/Fire                   3
   Enslavement                        Hexes                        4
   Cause Fear                         Hexes                        4
   Leda's Liquefaction                Hexes/Earth                  4


   Skills:
 - Level 1.0 Fighting
 + Level 4.0 Bows
 - Level 1.4 Dodging
 + Level 0.1 Stealth
 + Level 1.3 Spellcasting
 + Level 3.3 Hexes


You had 3 spell levels left.
You knew the following spells:

 Your Spells              Type           Power        Failure   Level  Hunger
a - Corona                Hex            #......      100%        1    ##.....


Dungeon Overview and Level Annotations

Branches:
Dungeon (2/16)

Altars:


Innate Abilities, Weirdness & Mutations

You have hooves in place of feet.
Armour fits poorly on your strangely shaped body.
You digest meat very inefficiently.
You cover ground very quickly.
You have a fast metabolism.
You have extremely tough skin (AC +3).
Your magical capacity is low (-10% MP).
You occasionally shout uncontrollably.


Message History

You feel sick.
You feel a little better.
* * * LOW HITPOINT WARNING * * *
You feel sick.
Things that are here:
a club; a dagger; a goblin corpse
* * * LOW HITPOINT WARNING * * *
You feel sick.
You feel a little better.
You are too injured to fight recklessly!
Firing (i - inventory):
c - 4 arrows (quivered)
Press: ? - help, Shift-Dir - straight line, f - rat
Aim: a rat You shoot an arrow.
The arrow hits the rat.
You kill the rat!
You start resting.
* * * LOW HITPOINT WARNING * * *
You feel sick.
You start resting.
You die...

#.# ##### #.# #.#
#...# ######## #.#
#.# #...#
#....(.####.# #.#
#...# #.# #.#....#
#.# #...# #.#
#%#.#### #.# #...#
#.# #.....# #.#
#...# #)# #...#.#
#.#
#...####.#####.##.#
#<#
#....)..@.)(...# #
#.#
#.......########
#.# ###.....(((....
### #..(..######
#.....# #(.(..#
.#.#### .....
.#.#.#


There were no monsters in sight!

Vanquished Creatures
  An adder (D:2)
  A giant gecko (D:1)
  9 bats (D:1)
  7 hobgoblins
  4 jackals (D:1)
  3 kobolds (D:1)
  2 giant newts (D:1)
  4 goblins
  8 rats
39 creatures vanquished.

Notes
Turn   | Place    | Note
--------------------------------------------------------------
     0 | D:1      | Mitsuki, the Centaur Arcane Marksman, began the quest for the Orb.
     0 | D:1      | Reached XP level 1. HP: 16/16 MP: 2/2
   105 | D:1      | Reached skill level 3 in Hexes
   184 | D:1      | Reached XP level 2. HP: 21/23 MP: 0/3
   448 | D:1      | Reached XP level 3. HP: 21/28 MP: 0/4
   782 | D:1      | Gained mutation: You digest meat very inefficiently. [mutagenic glow]
   810 | D:2      | Gained mutation: Your magical capacity is low (-10% MP). [mutagenic glow]
   885 | D:2      | Gained mutation: You occasionally shout uncontrollably. [mutagenic glow]
   930 | D:2      | Reached skill level 4 in Bows
   941 | D:2      | HP: 1/28 [poisoned by an adder]
   955 | D:2      | HP: 1/28 [poisoned by an adder]
   958 | D:2      | Succumbed to an adder's poison

Action                   || total
-------------------------++-------
 Fire: Bow               ||   132
 Cast: Corona            ||     1
  Use: Potion            ||     2
